 Dungeon Crawl Stone Soup version 0.30-a0-782-ge64f9170bb (webtiles) character file.

Game seed: 2736699510527724656

688 Dirtsage the Ruffian (level 7, -1/52 HPs)
             Began as a Demonspawn Fighter on Mar 6, 2023.
             Was an Initiate of Qazlal.
             Slain by a steam dragon (3 damage)
             ... on level 5 of the Dungeon.
             The game lasted 00:07:46 (4247 turns).

Dirtsage the Ruffian (Demonspawn Fighter)           Turns: 4247, Time: 00:07:46

Health: -1/52      AC:  9    Str: 18    XL:     7   Next: 36%
Magic:  7/7        EV:  9    Int: 10    God:    Qazlal [......]
Gold:   267        SH:  4    Dex: 12    Spells: 6/6 levels left

rFire   . . .      SeeInvis +      - Unarmed
rCold   . . .      Faith    .    c - +0 buckler
rNeg    + + +      Spirit   .    b - +0 scale mail
rPois   .          Reflect  .    (helmet restricted)
rElec   .          Harm     .    (no cloak)
rCorr   .          Rampage  .    (no gloves)
Will    .....                    p - +2 pair of boots of Experimentation {*Slow rN++ SInv} Stlth
                                 (no amulet)
HPRegen 0.28/turn                N - ring of positive energy
MPRegen 0.10/turn                (no ring)

@: no status effects
A: antennae 1, claws 1, hooves 1, condensation shield
a: Renounce Religion


You were on level 5 of the Dungeon.
You worshipped Qazlal.
Qazlal was noncommittal.
You visited 1 branch of the dungeon, and saw 6 of its levels.

You collected 267 gold pieces.

Inventory:

Armour
 b - a +0 scale mail (worn)
 c - a +0 buckler (worn)
 m - a +0 plate armour
 p - the +2 pair of boots of Experimentation (worn) {*Slow rN++ SInv}
   (You found it on level 4 of the Dungeon)

   rN:        It greatly protects you from negative energy.
   SInv:      It lets you see invisible.
   *Slow:     It may slow you when you take damage.
Magical Staves
 r - a staff of earth
Jewellery
 N - a ring of positive energy (left claw)
Scrolls
 a - a scroll of immolation {unknown}
 f - 3 scrolls of identify {unknown}
 g - a scroll of fear {unknown}
 h - 3 scrolls of poison {unknown}
 j - 2 scrolls of vulnerability {unknown}
 n - a scroll of acquirement {unknown}
 o - a scroll of blinking {unknown}
 q - 2 scrolls of magic mapping {unknown}
 s - 3 scrolls of amnesia {unknown}
 t - 2 scrolls of enchant armour {unknown}
 v - 2 scrolls of teleportation {unknown}
Potions
 d - a potion of might
 e - a potion of attraction {unknown}
 i - 2 potions of mutation {unknown}
 k - a potion of brilliance {unknown}
 l - 2 potions of heal wounds
 u - a potion of degeneration {unknown}


   Skills:
 - Level 3.0 Fighting
 - Level 3.2 Axes
 - Level 2.6 Armour
 - Level 2.6 Shields
 * Level 6.7 Unarmed Combat


You had 6 spell levels left.
You didn't know any spells.
Your spell library contained the following spells:

 Spells                   Type           Power      Damage    Failure   Level
 Dazzling Flash           Conj/Hex       0%         N/A       99%         3
 Summon Guardian Golem    Hex/Summ       0%         N/A       99%         3
 Agony                    Necr           0%         N/A       100%        5
 Silence                  Hex/Air        0%         N/A       100%        5
 Orb of Destruction       Conj           0%         9d5       100%        7
 Spellforged Servitor     Conj/Summ      0%         N/A       100%        7


Dungeon Overview and Level Annotations

Branches:
Dungeon (6/15)
 Temple: D:4-7

Altars:
Qazlal
Uskayaw
Yredelemnul


Innate Abilities, Weirdness & Mutations

You have a pair of small antennae on your head.
You have sharp fingernails.
You have large cloven feet.
A meltable shield of frost defends you. (SH +0)


Message History

The ball of steam hits you!
Your condensation shield dissipates!
You hear an angry hiss.
You take 17 damage, and have 35/52 hp.
MASSIVE DAMAGE!!
You scratch the steam dragon.
The steam dragon is lightly wounded.
The steam dragon bites you. The steam dragon claws you.
You take 1 damage, and have 34/52 hp.
You scratch the steam dragon but do no damage.
The steam dragon is lightly wounded.
The steam dragon bites you.
The steam dragon claws you but does no damage.
You take 6 damage, and have 28/52 hp.
You scratch the steam dragon.
The steam dragon is moderately wounded.
The steam dragon bites you. The steam dragon barely misses you.
You take 3 damage, and have 25/52 hp.
You barely miss the steam dragon.
The steam dragon is moderately wounded.
You block the steam dragon's attack. The steam dragon claws you.
You take 1 damage, and have 24/52 hp.
You claw the steam dragon!
The steam dragon is heavily wounded.
The steam dragon breathes steam at you. The ball of steam hits you!
* * * LOW HITPOINT WARNING * * *
You hear a shout!
You take 13 damage, and have 11/52 hp.
MASSIVE DAMAGE!!
You scratch the steam dragon.
The steam dragon is severely wounded.
The steam dragon bites you.
* * * LOW HITPOINT WARNING * * *
The steam dragon claws you.
* * * LOW HITPOINT WARNING * * *
You take 9 damage, and have 2/52 hp.
You barely miss the steam dragon.
The steam dragon is severely wounded.
The steam dragon bites you but does no damage.
The steam dragon claws you.
You die...

#.# #..........
#.######..........
#.................
#.................
#........#########
#........#
#§######## #§# #@#
#D# #.########
#.........
#.........
#.........
#.........
#.....D...
#.........


You could see a steam dragon (catching breath).

Vanquished Creatures
  A black bear (D:5)
  A phantom (D:5)
  A bullfrog zombie (D:4)
  A jelly (D:5)
  A gnoll bouda (D:5)
  Jessica (D:3)
  3 iguanas
  3 hound zombies (D:4)
  5 gnolls (D:5)
  13 adders
  3 river rats (D:3)
  2 white imps (D:5)
  An adder zombie (D:4)
  3 worms
  2 dart slugs
  6 orcs
  5 ball pythons
  A bat (D:1)
  4 endoplasms
  2 giant cockroaches
  9 goblins
  3 hobgoblins
  2 jackals (D:2)
  4 kobolds
  3 quokkas
  3 frilled lizards
  7 rats (D:3)
90 creatures vanquished.

Notes
Turn   | Place    | Note
-------+----------+-------------------------------------------
     0 | D:1      | Dirtsage the Demonspawn Fighter began the quest for the
                  | Orb.
     0 | D:1      | Reached XP level 1. HP: 18/18 MP: 1/1
   273 | D:1      | Gained mutation: A meltable shield of frost defends you.
                  | (SH +0) [demonic ancestry]
   273 | D:1      | Reached XP level 2. HP: 17/24 MP: 2/2
   870 | D:2      | Discovered your monstrous ancestry.
   870 | D:2      | Gained mutation: You have a pair of small antennae on your
                  | head. [demonic ancestry]
   870 | D:2      | Reached XP level 3. HP: 21/29 MP: 3/3
   933 | D:2      | Reached skill level 1 in Unarmed Combat
  1633 | D:3      | Gained mutation: You have sharp fingernails. [demonic
                  | ancestry]
  1633 | D:3      | Reached XP level 4. HP: 20/35 MP: 4/4
  1711 | D:3      | Found a hide-covered altar of Uskayaw.
  1722 | D:3      | Reached skill level 2 in Unarmed Combat
  2019 | D:3      | Reached skill level 3 in Unarmed Combat
  2095 | D:3      | HP: 1/35 [river rat (2)]
  2099 | D:3      | Reached XP level 5. HP: 2/41 MP: 5/5
  2117 | D:3      | Found a glowing drain.
  2251 | D:3      | Noticed Jessica
  2255 | D:3      | Killed Jessica
  2861 | D:4      | Identified the +2 pair of boots of Experimentation {*Slow
                  | rN++ SInv}
  2874 | D:4      | Reached skill level 4 in Unarmed Combat
  2915 | D:4      | Found a basalt altar of Yredelemnul.
  2939 | D:4      | Reached XP level 6. HP: 47/47 MP: 6/6
  3244 | D:4      | Found a stormy altar of Qazlal.
  3500 | D:4      | Became a worshipper of Qazlal Stormbringer
  3560 | D:5      | Entered Level 5 of the Dungeon
  3592 | D:5      | Reached skill level 5 in Unarmed Combat
  4050 | D:5      | Reached skill level 6 in Unarmed Combat
  4050 | D:5      | Gained mutation: You have large cloven feet. [demonic
                  | ancestry]
  4050 | D:5      | Reached XP level 7. HP: 42/52 MP: 7/7
  4230 | D:5      | Noticed a steam dragon
  4246 | D:5      | HP: 2/52 [steam dragon (5)]
  4247 | D:5      | Slain by a steam dragon

Illustrated notes

Levels and vault maps discovered:
D:1:      roderic_crossed_star, layout_basic
D:2:      layout_loops_cross
D:3:      layout_basic, eat_drink_and_be_merry_uskayaw,
          lightli_sewer_entry_pipes, uniq_jessica
D:4:      layout_rooms, nicolae_yredelemnul_corpse_copse,
          mainiacjoe_overflow_catwalk, grunt_decor_resistance
D:5:      layout_basic, lemuel_coloured_pillars_altar,
          okawaru_altar_gauntlet_db, minmay_checkerbox, uniq_grinder
D:6:      layout_cave_pools, marbit_many_paths, serial_shops,
          nicolae_diamond_shop, uniq_sigmund, uniq_pikel, uniq_prince_ribbit1,
          uniq_blork_the_orc

Skill      XL: |  1  2  3  4  5  6 |
---------------+-------------------+-----
Axes           | 2 3 |  3.2
Unarmed Combat | 1 3 4 6 |  6.7
Fighting       | |  3.0
Armour         | |  2.6
Shields        | |  2.6

Action                     |  1- 3 |  4- 6 |  7- 9 || total
---------------------------+-------+-------+-------++-------
  Melee: War axe           |   110 |       |       ||   110
         Unarmed           |       |   406 |    13 ||   419
    Use: Potion            |       |     1 |       ||     1
 Armour: Scale mail        |    39 |   109 |     2 ||   150
  Dodge: Dodged            |    45 |   138 |     1 ||   184
  Block: Buckler           |    55 |   146 |     3 ||   204

Table legend: (Time is in decaauts)
 A = Elapsed time spent in this place.
 B = Non-inter-level travel time spent in this place.
 C = Inter-level travel time spent in this place.
 D = Time resting spent in this place.
 E = Time spent auto-exploring this place.
 F = Levels seen in this place.
 G = Mean time per level.
                   A        B        C        D        E       F      G
               +--------+--------+--------+--------+--------+-----+--------+
         Total |   4328 |   4172 |    156 |    331 |   2874 |   6 |  721.3 |
       Dungeon |   4328 |   4172 |    156 |    331 |   2874 |   6 |  721.3 |
               +--------+--------+--------+--------+--------+-----+--------+

Top non-repeatable levels by time:
     D:3: 1326 daAuts
     D:2: 825 daAuts
     D:4: 761 daAuts
     D:1: 734 daAuts
     D:5: 498 daAuts
     D:6: 181 daAuts
